 Seeded DCSS version 0.30-a0-368-g86fb4627a9 (webtiles) character file.

Game seed: 4866231847754521613 (custom seed)

37 purpskrrrp the Sneak (level 3, -2/19 HPs)
             Began as a Spriggan Monk on Nov 18, 2022.
             Slain by an iguana (11 damage)
             ... on level 2 of the Dungeon.
             The game lasted 00:02:43 (1025 turns).

purpskrrrp the Sneak (Spriggan Monk)                Turns: 1025, Time: 00:02:44

Health: -2/19      AC:  2    Str:  7    XL:     3   Next: 21%
Magic:  4/4        EV: 19    Int: 11    God:
Gold:   55         SH:  0    Dex: 19    Spells: 2/2 levels left

rFire   . . .      SeeInvis +    k - +0 arbalest (elec)
rCold   . . .      Faith    .    (shield currently unavailable)
rNeg    . . .      Spirit   .    b - +0 robe
rPois   .          Reflect  .    (helmet restricted)
rElec   .          Harm     .    (no cloak)
rCorr   .          Rampage  .    (gloves unavailable)
Will    .....                    (boots unavailable)
Stlth   +++.......               (no amulet)
HPRegen 0.23/turn                (no ring)
MPRegen 0.09/turn                (no ring)

@: very quick
A: very small, no large weapons, unfitting armour, see invisible, speed 3
a: no special abilities


You were on level 2 of the Dungeon.
You visited 1 branch of the dungeon, and saw 2 of its levels.

You collected 55 gold pieces.

Inventory:

Hand Weapons
 a - a +0 short sword
 k - a +0 arbalest of electrocution (weapon)
 m - a +0 dagger
Armour
 b - a +0 robe (worn)
Jewellery
 i - a ring of ice
Scrolls
 f - a scroll of enchant armour {unknown}
 g - 3 scrolls of teleportation {unknown}
 h - 2 scrolls of identify {unknown}
 j - 2 scrolls of magic mapping {unknown}
Potions
 c - a potion of ambrosia
 d - 2 potions of mutation {unknown}
 e - a potion of degeneration {unknown}
 l - a potion of lignification {unknown}


   Skills:
 - Level 2.4 Fighting
 - Level 3.7 Short Blades
 + Level 0.0 Ranged Weapons
 + Level 4.4 Dodging
 * Level 4.6 Stealth


You had 2 spell levels left.
You didn't know any spells.
Your spell library was empty.

Dungeon Overview and Level Annotations

Branches:
Dungeon (2/15)

Altars:


Innate Abilities, Weirdness & Mutations

You are very small and have problems with some larger weapons.
You are too small for most types of armour.
You have supernaturally acute eyesight. (SInv)
You cover ground extremely quickly. (Speed+++)


Message History

You shoot a bolt. The bolt barely misses the iguana.
The iguana barely misses you. The iguana bites you.
You shoot a bolt.
The bolt hits the iguana but does no damage.
The iguana is heavily wounded.
The iguana bites you! The iguana completely misses you.
You are too injured to fight recklessly!
You are too injured to fight recklessly!
You are too injured to fight recklessly!
You are too injured to fight recklessly!
You are too injured to fight recklessly!
You are too injured to fight recklessly!
You are too injured to fight recklessly!
You are too injured to fight recklessly!
You are too injured to fight recklessly!
You are too injured to fight recklessly!
You are too injured to fight recklessly!
You are too injured to fight recklessly!
You are too injured to fight recklessly!
You are too injured to fight recklessly!
You are too injured to fight recklessly!
You are too injured to fight recklessly!
You are too injured to fight recklessly!
You are too injured to fight recklessly!
You are too injured to fight recklessly!
You are too injured to fight recklessly!
You are too injured to fight recklessly!
Fire: k) +0 arbalest (elec)
Press: ? - help, Q - select action Shift-Dir - straight line, f/p - iguana
Aim: an iguana (heavily wounded, 60% to hit)
You shoot a bolt. The bolt hits the iguana.
The iguana is severely wounded.
The iguana barely misses you. The iguana misses you.
Fire: k) +0 arbalest (elec)
Press: ? - help, Q - select action Shift-Dir - straight line, f/p - iguana
Aim: an iguana (severely wounded, 60% to hit)
You shoot a bolt. The bolt completely misses the iguana.
The iguana bites you!
Ouch! That really hurt!
You die...

#.# ### #.#
#.. #.# #.#
#.# #.# #.#
#.# #.# #.#
#####.###.###
#.@.........#
#l###.###.#.#
#. #.# #.#.#
#. #.# #.#.#
#. #.# #.#.#
#$ #.# #.#.#
#. #.# #.#.#
#. #.# #.#.#
#.###.###.#.#


You could see an iguana.

Vanquished Creatures
  2 dart slugs (D:1)
  3 endoplasms (D:1)
  3 goblins (D:1)
  3 hobgoblins
  3 jackals (D:1)
  3 kobolds (D:1)
  A quokka (D:1)
  2 ball pythons (D:1)
  6 bats (D:1)
  A frilled lizard (D:1)
  3 rats (D:1)
30 creatures vanquished.

Notes
Turn   | Place    | Note
-------+----------+-------------------------------------------
     0 | D:1      | purpskrrrp the Spriggan Monk began the quest for the Orb.
     0 | D:1      | Reached XP level 1. HP: 11/11 MP: 2/2
   184 | D:1      | Reached XP level 2. HP: 14/16 MP: 3/3
   715 | D:1      | Reached XP level 3. HP: 19/19 MP: 4/4
   922 | D:1      | Identified a scroll of acquirement
   922 | D:1      | Acquired a +0 arbalest of electrocution
  1025 | D:2      | Slain by an iguana

Illustrated notes

Levels and vault maps discovered:
D:1:      dpeg_arrival_arbitrary_c, layout_basic
D:2:      layout_loops_ring, kennysheep_minor_cross

Skill      XL: |  1  2 |
---------------+-------+-----
Stealth        | 4 |  4.6
Fighting       | |  2.4
Short Blades   | |  3.7
Dodging        | |  4.4

Action                   || total
-------------------------++-------
Melee: Short sword       ||   149
       Dagger            ||    12
       Punch             ||     3
 Fire: Arbalest          ||     9
  Use: Scroll            ||     1
 Stab: Sleeping          ||     4
       Distracted        ||     2
Armor: Robe              ||    32
Dodge: Dodged            ||   203

Table legend: (Time is in decaauts)
 A = Elapsed time spent in this place.
 B = Non-inter-level travel time spent in this place.
 C = Inter-level travel time spent in this place.
 D = Time resting spent in this place.
 E = Time spent auto-exploring this place.
 F = Levels seen in this place.
 G = Mean time per level.
                   A        B        C        D        E       F      G
               +--------+--------+--------+--------+--------+-----+--------+
         Total |    732 |    688 |     44 |     72 |    333 |   2 |  366.0 |
       Dungeon |    732 |    688 |     44 |     72 |    333 |   2 |  366.0 |
               +--------+--------+--------+--------+--------+-----+--------+

Top non-repeatable levels by time:
     D:1: 701 daAuts
     D:2: 30 daAuts
